 Dungeon Crawl Stone Soup version 0.18-a0-902-g8738618 (webtiles) character file.

65 Jmtri7 the Vandal (level 4, -7/37 HPs)
             Began as a Formicid Hunter on Dec 24, 2015.
             Was an Initiate of Okawaru.
             Mangled by a gnoll
             ... wielding a +3 spear
              (9 damage)
             ... on level 2 of the Dungeon.
             The game lasted 00:08:56 (1274 turns).

Jmtri7 the Vandal (Formicid Hunter)                 Turns: 1274, Time: 00:08:56

Health: -7/37      AC:  0    Str: 17    XL:     4   Next: 35%
Magic:  4/4        EV: 12    Int: 11    God:    Okawaru [......]
Gold:   71         SH:  0    Dex: 11    Spells: 0 memorised, 3 levels left

rFire  . . .     SeeInvis +     a - +1 hunting sling
rCold  . . .     Gourm    .     (no armour)
rNeg   . . .     Faith    .     (no shield)
rPois  .         Spirit   .     (helmet unavailable)
rElec  .         Dismiss  .     (no cloak)
rCorr  .         Reflect  .     (no gloves)
SustAt .         Harm     .     (no boots)
MR     .....                    (no amulet)
Stlth  +.........               (no ring)
                                n - ring of loudness

@: not resistant to hostile enchantments, very unstealthy
A: permanent stasis, dig shafts and tunnels, four strong arms, antennae 3
a: Dig, Shaft Self, Renounce Religion


You were on level 2 of the Dungeon.
You worshipped Okawaru.
Okawaru was noncommittal.
You were not hungry.

You visited 1 branch of the dungeon, and saw 2 of its levels.

You collected 71 gold pieces.

Inventory:

Hand Weapons
 a - a +1 hunting sling (weapon)
 e - a +0 club
Missiles
 b - 20 bolts
 d - 23 sling bullets (quivered)
 i - 59 stones
 l - 20 arrows
Jewellery
 n - a ring of loudness (left hand)
Potions
 c - 2 potions of brilliance {unknown}
 g - 2 potions of invisibility {unknown}
 h - 2 potions of heal wounds {unknown}
 j - 3 potions of curing {unknown}
 k - a potion of magic {unknown}
Comestibles
 f - a bread ration


   Skills:
 + Level 4.0 Fighting
 - Level 4.3 Slings
 - Level 1.0 Armour
 - Level 1.7 Dodging
 + Level 2.6 Stealth


You had 3 spell levels left.
You didn't know any spells.

Dungeon Overview and Level Annotations

Branches:
Dungeon (2/15)

Altars:
Okawaru
The Shining One


Innate Abilities, Weirdness & Mutations

You are under a permanent stasis effect.
You can dig through walls and to a lower floor.
Your four strong arms can wield two-handed weapons with a shield.
You have a pair of large antennae on your head (SInv).


Message History

A gnoll comes into view.
Firing (i - inventory. (,) - cycle):
d - 25 sling bullets (quivered)
Press: ? - help, Shift-Dir - straight line, f/p - gnoll
Aim: a gnoll, wielding an enchanted spear (severely wounded)
You shoot a sling bullet.
The sling bullet barely misses the kobold.
The sling bullet completely misses the gnoll.
The sling bullet barely misses the gnoll.
The kobold hits you with a dagger.
The gnoll hits you from afar with an enchanted spear!
Firing (i - inventory. (,) - cycle):
d - 24 sling bullets (quivered)
Press: ? - help, Shift-Dir - straight line, f/p - gnoll
Aim: a gnoll, wielding an enchanted spear (severely wounded)
You shoot a sling bullet. The sling bullet hits the kobold!
You kill the kobold!
Okawaru accepts your kill.
The gnoll hits you from afar with an enchanted spear!
* * * LOW HITPOINT WARNING * * *
The gnoll hits you from afar with an enchanted spear!
You die...

#.....# #.. #..####
##.##.########
.....................#
........## #g##
############ ##.#
###_### #g# #.....#
#g# #♣...♣# #.#
#.....# #@#
#♣...♣###.# # #.#
##'####..# #####.#
#.###...### # ....#.#
#.........#.# .#....#
###.........# ...##.#
#.......### .#.##.#
###...### ...##.#
#...#


You could see 3 gnolls.

Vanquished Creatures
  4 adders (D:2)
  A giant gecko (D:2)
  3 bats
  3 giant cockroaches (D:1)
  4 hobgoblins
  2 jackals (D:1)
  5 kobolds
  3 giant newts
  2 goblins (D:1)
  A rat (D:1)
28 creatures vanquished.

Notes
Turn   | Place    | Note
--------------------------------------------------------------
     0 | D:1      | Jmtri7 the Formicid Hunter began the quest for the Orb.
     0 | D:1      | Reached XP level 1. HP: 16/16 MP: 1/1
   201 | D:1      | Reached XP level 2. HP: 23/23 MP: 2/2
   506 | D:1      | You fall through a shaft!
   564 | D:2      | Reached XP level 3. HP: 19/29 MP: 3/3
   897 | D:2      | Found an iron altar of Okawaru.
   901 | D:2      | Reached XP level 4. HP: 35/37 MP: 4/4
   917 | D:2      | Became a worshipper of Warmaster Okawaru
   992 | D:2      | Reached skill level 1 in Armour
  1237 | D:2      | Found a glowing golden altar of the Shining One.
  1270 | D:2      | HP: 1/37 [gnoll/enchanted spear (12)]
  1274 | D:2      | Mangled by a gnoll

Vault maps used:
D:1:      nagdon_arrival_zigzag_paths, minmay_distorted
D:2:      okawaru_trees_1, serial_glass, glass_columns_a, glass_columns_b,
          minivault_14, minmay_crystal_room, tso_altar

Action                   |  1- 3 |  4- 6 || total
-------------------------+-------+-------++-------
Melee: Hunting sling     |     2 |     1 ||     3
 Fire: Hunting sling     |    69 |    32 ||   101
 Abil: Dig               |     3 |     8 ||    11
       Shaft Self        |     1 |       ||     1
  Use: Scroll            |       |     2 ||     2
  Eat: Bread ration      |       |     1 ||     1
